 Dungeon Crawl Stone Soup version 0.15.2 (webtiles) character file.

21810 Heini the Bludgeoner (level 12, -20/117 HPs)
             Began as a Minotaur Fighter on Feb 7, 2015.
             Was the Champion of Okawaru.
             Demolished by an ice devil (27 damage)
             ... in an ice cave on Feb 8, 2015.
             The game lasted 00:37:38 (11087 turns).

Heini the Bludgeoner (Minotaur Fighter)            Turns: 11087, Time: 00:37:39

HP -20/117       AC 28     Str 30      XL: 12   Next: 57%
MP   5/5         EV  5     Int  8      God: Okawaru [******]
Gold 762         SH 10     Dex 11      Spells:  0 memorised, 11 levels left

rFire  . . .     SeeInvis .     n - +2 flail (protect)
rCold  . . .     Clarity  .     I - +1 plate armour
rNeg   . . .     rCorr    +     c - +0 shield
rPois  .         rRot     .     J - +2 hat {Int+3}
rElec  .         Spirit   .     h - +2 cloak
SustAb +         Warding  .     y - +0 pair of gloves
rMut   .         Stasis   .     (no boots)
Gourm  .                        E - amulet of resist corrosion
MR     +....                    v - +2 ring of slaying
                                k - ring "Throdul" {SustAb MR+ Slay+4 Stlth+}

@: mighty, somewhat resistant to hostile enchantments, extremely unstealthy
A: retaliatory headbutt, horns 2
a: Heroism, Finesse, Renounce Religion


You were in an ice cave.
You worshipped Okawaru.
Okawaru was exalted by your worship.
You were not hungry.

You visited 4 branches of the dungeon, and saw 17 of its levels.
You also visited: Ossuary and Ice Cave.

You collected 762 gold pieces.

Inventory:

Hand weapons
 n - a +2 flail of protection (weapon)
Armour
 c - a +0 shield (worn)
 h - a +2 cloak (worn)
 y - a +0 pair of gloves (worn)
 I - a +1 plate armour (worn)
 J - a +2 hat of intelligence (worn)
Magical devices
 b - a wand of enslavement (10) {unknown}
 w - a wand of disintegration (5) {unknown}
 A - a wand of disintegration (16) {unknown}
 F - a wand of hasting (2)
 G - a wand of lightning (8)
 O - a wand of digging (11) {unknown}
 R - a wand of random effects (12) {unknown}
Comestibles
 d - 7 bread rations
 g - 17 fruits
 q - 11 meat rations
 x - a beef jerky
Scrolls
 i - 3 scrolls of enchant weapon
 j - 2 scrolls of amnesia
 l - 6 scrolls of teleportation
 p - 2 scrolls of blinking
 t - 5 scrolls of remove curse
 B - 3 scrolls of fog
 N - 5 scrolls of magic mapping
 P - a scroll of fear {unknown}
 Q - a scroll of identify
Jewellery
 f - an uncursed ring of regeneration
 k - the ring "Throdul" (left hand) {SustAb MR+ Slay+4 Stlth+}
   (You found it on level 5 of the Dungeon)

   [ring of sustain abilities]

   It sustains your strength, intelligence and dexterity.
   It affects your accuracy and damage with ranged weapons and melee attacks
   (+4).
   It affects your resistance to hostile enchantments.
   It makes you more stealthy.
 v - a +2 ring of slaying (right hand)
 D - an uncursed amulet of warding
 E - an amulet of resist corrosion (around neck)
Potions
 a - 2 potions of magic
 e - a potion of cancellation
 m - a potion of berserk rage {unknown}
 o - 4 potions of curing
 r - a potion of resistance {unknown}
 s - 5 potions of agility
 u - 2 potions of restore abilities {unknown}
 z - a potion of might
 C - 3 potions of porridge
 H - 2 potions of confusion {unknown}
 K - a potion of haste {unknown}
 L - a potion of flight
 M - a potion of heal wounds


   Skills:
 * Level 14.2 Fighting
 * Level 16.0 Maces & Flails
 * Level 12.6 Armour
 - Level 3.6 Shields
 + Level 0.2 Evocations


You had 11 spell levels left.
You didn't know any spells.

Dungeon Overview and Level Annotations

Branches:
Dungeon (10/15)            Temple (1/1) D:6             Orc (2/4) D:9
   Lair (4/8) D:9           Swamp (0/5) Lair:3
  Snake: Lair:3-6    Spider: Lair:3-6

Altars:
Ashenzari
Cheibriados
Dithmenos
Elyvilon
Fedhas
Kikubaaqudgha
Makhleb
Nemelex Xobeh
Okawaru
Qazlal
Sif Muna
Trog
Vehumet
Xom
Yredelemnul
Zin
The Shining One

Shops:
D:5 }   D:9 [

Annotations:
D:8 exclusion: oklob sapling


Innate Abilities, Weirdness & Mutations

You reflexively headbutt those who attack you in melee.
You have a pair of horns on your head.


Message History

You sock the ice devil!
The ice devil is moderately wounded.
You block the ice devil's attack. The blue devil completely misses you.
Drink which item? (? for menu, Esc to quit)
You feel very mighty all of a sudden.
The ice devil hits you but does no damage.
The blue devil hits you but does no damage. x2
You sock the ice devil!
The ice devil is heavily wounded.
The ice devil hits you!
* * * LOW HITPOINT WARNING * * *
The ice devil freezes you!
* * * LOW HITPOINT WARNING * * *
The blue devil hits you but does no damage.
You are too injured to fight recklessly!
You closely miss the blue devil. You block the blue devil's attack.
The ice devil hits you!
* * * LOW HITPOINT WARNING * * *
The ice devil freezes you!!
You die...

## ...# ..... ......
#### .......## ##..##
........######....##
..........##.......#
..⌠.......3@....∩∩..#
..........4.4.......#
.........##..##....##
.......########..##
....... #### .......
.....# ..## #


You could see an ice devil and 2 blue devils.

Vanquished Creatures
  Erica (Lair:3)
  A hill giant (D:10)
  Pikel (D:9)
  3 torpor snails (Lair:1)
  A black mamba (Lair:1)
  An orange crystal statue (D:10)
  3 spiny frogs
  5 komodo dragons
  A fire drake (Lair:3)
  A troll (D:9)
  4 polar bears (Lair:3)
  Sonja (D:10)
  8 blink frogs (Lair:2)
  Prince Ribbit (Lair:2)
  3 basilisks
  A blue devil (IceCv)
  4 wandering mushrooms (D:8)
  A slime creature (D:10)
  12 yaks
  Eustachio (D:7)
  3 hippogriffs
  Grum (D:9)
  2 wyverns
  6 water moccasins
  8 wolves
  A porcupine (Lair:2)
  5 orc warriors
  10 ice beasts
  2 necrophages
  A sky beast (D:8)
  9 black bears
  4 centaurs
  A phantom (D:7)
  5 ogres
  Sigmund (D:2)
  5 crocodiles
  3 big kobolds
  2 insubstantial wisps (Lair:3)
  11 giant frogs
  10 scorpions
  4 wights (D:8)
  A tengu skeleton (D:7)
  2 centaur zombies (Ossuary)
  2 crimson imps (D:5)
  3 goliath beetles
  8 hounds
  8 orc priests
  2 human zombies (Ossuary)
  A giant frog zombie (D:6)
  A black bear zombie (D:7)
  A jelly (D:7)
  A giant frog skeleton (D:6)
  5 orc wizards
  3 iguanas
  6 sheep (Lair:1)
  10 worker ants
  A sky beast zombie (D:9)
  4 big kobold zombies (Ossuary)
  A hound skeleton (D:5)
  3 mummies (Ossuary)
  5 orc zombies
  9 adders
  23 green rats (Lair:1)
  5 scorpion zombies
  A shadow imp (D:8)
  A giant mite (D:4)
  2 worms (D:2)
  2 adder skeletons
  An iguana zombie (D:4)
  An orc skeleton (D:5)
  8 giant geckos
  An ooze (D:1)
  38 orcs
  2 ball pythons
  2 bat zombies
  8 giant cockroaches
  3 gnoll zombies (Ossuary)
  24 goblins
  12 hobgoblins
  6 jackals
  23 bats
  A giant gecko zombie (D:6)
  5 giant newts
  A giant spore (D:7)
  A goblin skeleton (D:5)
  A goblin zombie (D:8)
  A hobgoblin skeleton (D:8)
  4 hobgoblin zombies (Ossuary)
  23 kobolds
  A kobold skeleton (D:5)
  4 kobold zombies
  9 quokkas
  A quokka skeleton (D:6)
  9 rats
  A rat zombie (D:8)
450 creatures vanquished.

Vanquished Creatures (others)
  A kobold (D:9)
1 creature vanquished.

Grand Total: 451 creatures vanquished

Notes
Turn   | Place    | Note
--------------------------------------------------------------
     0 | D:1      | Heini, the Minotaur Fighter, began the quest for the Orb.
     0 | D:1      | Reached XP level 1. HP: 19/19 MP: 1/1
   148 | D:1      | Reached skill level 4 in Fighting
   170 | D:1      | Reached XP level 2. HP: 27/27 MP: 1/1
   917 | D:1      | Reached XP level 3. HP: 34/34 MP: 2/2
  1064 | D:2      | Noticed Sigmund
  1072 | D:2      | Killed Sigmund
  1072 | D:2      | Reached skill level 5 in Fighting
  1072 | D:2      | Reached XP level 4. HP: 32/42 MP: 2/2
  1181 | D:2      | Reached skill level 5 in Armour
  1519 | D:3      | Reached XP level 5. HP: 48/48 MP: 2/2
  2069 | D:4      | Reached XP level 6. HP: 57/57 MP: 3/3
  2159 | D:4      | Reached skill level 6 in Fighting
  2237 | D:4      | Noticed an ogre
  2248 | D:4      | Killed an ogre
  2332 | D:5      | Entered Level 5 of the Dungeon
  2338 | D:5      | Reached skill level 5 in Maces & Flails
  2369 | D:5      | Found a shadowy altar of Dithmenos.
  2525 | D:5      | Reached XP level 7. HP: 41/64 MP: 3/3
  2691 | D:5      | Found Threnly's Gadget Shop.
  2724 | D:5      | Got a smoking copper ring
  2839 | D:5      | Reached skill level 7 in Fighting
  2944 | D:6      | Noticed a wyvern
  2976 | D:6      | Killed a wyvern
  3015 | D:6      | Reached XP level 8. HP: 60/73 MP: 3/3
  3123 | D:6      | Reached skill level 8 in Fighting
  3290 | D:6      | Found a staircase to the Ecumenical Temple.
  3296 | Temple   | Entered the Ecumenical Temple
  3385 | Temple   | Became a worshipper of Warmaster Okawaru
  3825 | D:7      | Identified the ring "Throdul" {SustAb MR+ Slay+4 Stlth+} (You found it on level 5 of the Dungeon)
  3979 | D:7      | Noticed Eustachio
  3989 | D:7      | Killed Eustachio
  4116 | D:7      | Reached XP level 9. HP: 82/82 MP: 4/4
  4340 | D:7      | Reached skill level 9 in Maces & Flails
  4419 | D:7      | Acquired Okawaru's first power
  4883 | D:8      | Reached skill level 10 in Maces & Flails
  4952 | D:8      | Found a blossoming altar of Fedhas.
  4973 | D:8      | Reached skill level 10 in Fighting
  5212 | D:8      | Found a sand-covered staircase.
  5219 | Ossuary  | Entered an ossuary
  5284 | Ossuary  | Reached skill level 11 in Maces & Flails
  5452 | Ossuary  | Reached XP level 10. HP: 89/94 MP: 4/4
  5861 | D:9      | Found a staircase to the Lair.
  5884 | D:9      | Noticed Grum
  5901 | D:9      | Killed Grum
  5901 | D:9      | Reached skill level 12 in Maces & Flails
  5999 | D:9      | Found a staircase to the Orcish Mines.
  6025 | D:9      | Found Ubbewk's Armour Shop.
  6036 | D:9      | Noticed Pikel
  6045 | D:9      | Killed Pikel
  6129 | D:9      | Reached skill level 10 in Armour
  6450 | Orc:1    | Entered Level 1 of the Orcish Mines
  6500 | Orc:2    | Noticed an orc sorcerer
  6723 | D:10     | Entered Level 10 of the Dungeon
  6840 | D:10     | Reached skill level 13 in Maces & Flails
  6840 | D:10     | Reached XP level 11. HP: 96/104 MP: 4/4
  7053 | D:10     | Noticed Sonja
  7060 | D:10     | Killed Sonja
  7138 | D:10     | Noticed a hill giant
  7145 | D:10     | Killed a hill giant
  7154 | D:10     | Acquired Okawaru's second power
  7570 | Lair:1   | Entered Level 1 of the Lair of Beasts
  7883 | Lair:1   | Reached skill level 14 in Maces & Flails
  8114 | Lair:1   | Found a snail-covered altar of Cheibriados.
  8604 | Lair:1   | Received a gift from Okawaru
  9211 | Lair:2   | Reached skill level 15 in Maces & Flails
  9247 | Lair:2   | Noticed Prince Ribbit
  9255 | Lair:2   | Reached XP level 12. HP: 90/115 MP: 5/5
  9270 | Lair:2   | Killed Prince Ribbit
 10442 | Lair:3   | Found a staircase to the Swamp.
 10705 | Lair:3   | Noticed Erica
 10744 | Lair:3   | Killed Erica
 11020 | Lair:4   | Found a frozen archway.
 11047 | Lair:4   | Reached skill level 16 in Maces & Flails
 11061 | IceCv    | Entered an ice cave
 11087 | IceCv    | Demolished by an ice devil

Action                   |  1- 3 |  4- 6 |  7- 9 | 10-12 || total
-------------------------+-------+-------+-------+-------++-------
Melee: Flail             |    87 |   187 |   375 |   610 ||  1259
Evoke: Wand              |       |       |     2 |       ||     2
  Use: Potion            |     1 |     1 |     2 |     3 ||     7
       Scroll            |       |    13 |     4 |     8 ||    25
 Stab: Fleeing           |       |       |       |     1 ||     1
  Eat: Chunk             |     1 |     5 |     9 |    19 ||    34
       Beef jerky        |       |       |     1 |       ||     1
